Map: New Gettysburg LE

Players

Prelatedavon - Winner!

  • Race: Terran Terran
  • League: Gold

TwinkleToes

  • Race: Zerg Zerg
  • League: Bronze

VOD

Have the link to the VOD?

Description

Time

  • Played on: Aug. 9, 2016, 12:02 a.m.
  • Length: 10:21
Show
View Real Time Build Order
Export as new Build Order

Prelatedavon Terran - Winner!

Build Orders:  

Get SALT Encoding   

  12  0:01  SCV  
  13  0:19  SCV  
  13  0:20  Supply Depot  
  14  0:31  SCV, Refinery  
  15  0:45  Barracks  
  15  0:48  SCV  
  16  1:00  SCV  
  17  1:12  SCV, Refinery  
  18  1:24  Supply Depot  
  18  1:25  SCV  
  19  1:37  SCV  
  20  1:42  Barracks Tech Lab  
  20  1:49  Factory  
  20  1:58  Ghost Academy  
  20  2:08  Orbital Command  
  20  2:12  Marine  
  21  2:33  Widow Mine  
  23  2:39  Ghost  
  25  2:53  Personal Cloaking  
  25  3:08  Hellion  
  27  3:15  SCV  
  28  3:25  Ghost Academy  
  28  3:29  Hellion  
  30  3:35  Starport  
  30  3:48  Supply Depot  
  30  3:50  SCV  
  31  4:07  Nuke  
  31  4:10  SCV, Ghost  
  34  4:18  Nuke, Supply Depot  
  34  4:26  Widow Mine  
  34  4:31  Supply Depot  
  36  4:47  Medivac  
  36  4:51  Engineering Bay  
  38  4:56  Hellion  
  40  5:17  Hellion  
  42  5:46  Hellion  
  42  5:48  Marauder  
  46  5:53  Medivac  
  46  5:54  Barracks  
  48  6:07  Hellion  
  48  6:09  Marauder  
  48  6:10  Nuke x2  
  50  6:29  Hellion  
  50  6:30  Marauder  
  54  6:39  Supply Depot  
  55  6:49  Barracks Tech Lab  
  55  6:52  Stimpack  
  54  6:56  Supply Depot  
  54  7:00  Hellion, Marauder  
  52  7:18  Marauder  
  52  7:22  Marauder  
  56  7:39  Marauder  
  56  7:43  Marine  
  59  8:00  Marauder  
  59  8:01  Marauder  
  63  8:07  Terran Infantry Weapons Level 1  
  63  8:20  Command Center  
  63  8:21  Factory Tech Lab  
  63  8:22  Marauder x2  
  67  8:27  Supply Depot  
  67  8:43  Marauder  
  67  8:44  Marauder  
  71  9:05  Marauder  
  73  9:27  Marauder x2  
  73  9:29  Medivac  
  79  9:48  Marauder  
Show
View Real Time Build Order
Export as new Build Order

TwinkleToes Zerg 

Build Orders: Hatch First 

Get SALT Encoding   

  12  0:01  Drone  
  13  0:13  Overlord  
  13  0:18  Drone  
  14  0:31  Drone  
  14  0:32  Drone  
  14  0:35  Drone  
  17  0:55  Hatchery  
  16  0:58  Drone  
  16  0:59  Drone  
  18  1:04  Extractor  
  17  1:15  Spawning Pool  
  16  1:19  Drone  
  16  1:22  Drone  
  18  1:30  Drone  
  19  1:39  Overlord  
  19  1:52  Drone  
  20  2:02  Queen  
  20  2:05  Metabolic Boost  
  20  2:08  Queen  
  24  2:10  Zergling x2  
  24  2:12  Zergling x2  
  26  2:16  Drone  
  26  2:20  Drone  
  28  2:23  Drone  
  28  2:29  Zergling x2  
  30  2:33  Drone  
  30  2:36  Spore Crawler  
  30  2:48  Queen  
  30  2:50  Drone x2  
  34  2:55  Overlord  
  34  2:58  Drone  
  35  3:06  Zergling x2  
  36  3:13  Drone x3  
  36  3:14  Drone  
  36  3:15  Zergling x2  
  36  3:16  Zergling x2  
  42  3:20  Overlord  
  42  3:26  Extractor  
  41  3:29  Extractor  
  41  3:34  Drone x2  
  41  3:35  Zergling x4  
  44  3:50  Zergling x2  
  45  3:56  Hatchery  
  45  3:57  Drone x2  
  45  3:58  Drone x2  
  45  4:02  Overlord  
  48  4:07  Drone x2  
  50  4:21  Zergling x4  
  52  4:36  Evolution Chamber  
  51  4:39  Evolution Chamber  
  51  4:40  Drone  
  51  4:41  Drone x2  
  51  4:42  Roach Warren, Zergling x4  
  51  4:43  Zergling x4  
  47  5:10  Drone  
  47  5:11  Queen  
  47  5:14  Drone x2  
  52  5:18  Zerg Ground Armor Level 1  
  52  5:19  Zerg Missile Weapons Level 1  
  52  5:22  Roach x2  
  52  5:26  Roach  
  43  5:36  Roach  
  43  5:39  Roach x3  
  53  5:48  Roach x2  
  57  5:51  Overlord x2  
  28  6:16  Roach  
  28  6:17  Roach x4  
  38  6:49  Drone x4  
  26  7:13  Drone  
  21  7:19  Drone  
  22  7:30  Drone  
  23  7:37  Drone  
  24  7:46  Drone  
  25  7:57  Spore Crawler  
  24  8:05  Drone  
  25  8:10  Drone  
  26  8:21  Drone x2  
  26  8:26  Drone  
  29  8:35  Spore Crawler  
  29  8:40  Drone  
  29  8:43  Drone  
  29  8:48  Drone  
  31  8:52  Drone  
  31  8:54  Drone  
  33  8:59  Drone  
  33  9:02  Drone  
  35  9:08  Roach  
  25  10:12  Hatchery  
Tags
 
Add a new tag
Caveats
  • Supply blocks, unpowered buildings, or Contaminate may cause inaccurate times.
  • Supply counts are checked every 10 seconds.